 Dungeon Crawl Stone Soup version 0.29.0-15-g675c0067aa (webtiles) character file.

Game seed: 10655922237641399553

132 Descartes the Sneak (level 4, -8/19 HPs)
             Began as a Felid Wanderer on Sept 9, 2022.
             Was an Initiate of Dithmenos.
             Killed by divine providence
             ... invoked by an orc priest
              (14 damage)
             ... on level 3 of the Dungeon on Sept 11, 2022.
             The game lasted 00:14:43 (7710 turns).

Descartes the Sneak (Felid Wanderer)                Turns: 7710, Time: 00:14:44

Health: -8/19      AC:  1    Str:  8    XL:     4   Next: 92%
Magic:  7/7        EV: 16    Int: 16    God:    Dithmenos [......]
Gold:   259        SH:  0    Dex: 15    Spells: 3/6 levels left
                                        Lives:  0   Deaths: 1

rFire   . . .      SeeInvis +     - Unarmed
rCold   . . .      Faith    .   (shield unavailable)
rNeg    . . .      Spirit   .   (body armour unavailable)
rPois   .          Reflect  .   (helmet unavailable)
rElec   .          Harm     .   (cloak unavailable)
rCorr   .          Rampage  .   (gloves unavailable)
Will    .....                   (boots unavailable)
Stlth   +++.......              (no amulet)
HPRegen 0.06/turn               (no ring)
MPRegen 0.10/turn               (no ring)

@: quick
A: very small, claws 1, fangs 3, see invisible, speed 1, shaggy fur 1, stealthy
paws, no weapons or thrown items, no armour, multi-lived, subdued magic 1,
MP-powered wands
a: Renounce Religion


You were on level 3 of the Dungeon.
You worshipped Dithmenos.
Dithmenos was noncommittal.
You visited 1 branch of the dungeon, and saw 5 of its levels.

You collected 259 gold pieces.

Inventory:

Jewellery
 j - a ring of magical power
Wands
 q - a wand of paralysis (8)
Scrolls
 a - 2 scrolls of fog
 f - 2 scrolls of noise {unknown}
 g - 5 scrolls of teleportation {unknown}
 h - 9 scrolls of identify {unknown}
 i - 4 scrolls of amnesia {unknown}
 m - a scroll of poison {unknown}
 n - a scroll of magic mapping {unknown}
 p - a scroll of enchant armour {unknown}
Potions
 b - a potion of degeneration
 c - a potion of attraction {unknown}
 d - a potion of mutation
 k - a potion of brilliance {unknown}
 l - a potion of heal wounds {unknown}
 r - a potion of invisibility {unknown}
 s - a potion of haste {unknown}


   Skills:
 + Level 1.7 Fighting
 + Level 2.0 Dodging
 + Level 4.8 Stealth
 + Level 1.5 Unarmed Combat
 + Level 1.9 Spellcasting
 * Level 4.3 Conjurations
 + Level 4.0 Translocations
 + Level 2.2 Transmutations


You had 3 spell levels left.
You knew the following spells:

 Your Spells              Type           Power      Damage    Failure   Level
a - Magic Dart            Conj           44%        1d5       2%          1
b - Blink                 Tloc           22%        N/A       4%          2

Your spell library contained the following spells:

 Spells                   Type           Power      Damage    Failure   Level
 Apportation              Tloc           22%        N/A       3%          1
 Gell's Gravitas          Tloc           11%        N/A       10%         3
 Teleport Other           Tloc           11%        N/A       10%         3
 Conjure Flame            Conj/Fire      6%         6-21      22%         3
 Mephitic Cloud           Conj/Pois/Air  4%         N/A       30%         3
 Ignite Poison            Fire/Tmut/Pois 2%         N/A       38%         3
 Passage of Golubria      Tloc           11%        N/A       32%         4
 Sticky Flame             Conj/Fire      6%         2d3       61%         4
 Dispersal                Tloc           5%         N/A       99%         6


Dungeon Overview and Level Annotations

Branches:
Dungeon (5/15)
 Temple: D:4-7

Altars:
Ashenzari
Dithmenos
Gozag
Hepliaklqana
Kikubaaqudgha
Nemelex Xobeh
Okawaru
Sif Muna
Xom
Zin

Annotations:
D:2 Jessica
D:5 Edmund


Innate Abilities, Weirdness & Mutations

You have sharp claws.
You have razor-sharp teeth.
You have supernaturally acute eyesight. (SInv)
You cover ground quickly. (Speed+)
You are covered in fur. (AC +1)
Your paws help you pounce on unaware monsters.
You are incapable of wielding weapons or throwing items.
You cannot wear armour.
You gain extra lives every three experience levels.
Your spells are a little easier to cast, but a little less powerful.
You expend magic power (3 MP) to strengthen your wands.


Message History

You barely miss the gnoll. You bite the gnoll.
The gnoll is almost dead.
The gnoll closely misses you.
You scratch the gnoll.
You kill the gnoll!
Dithmenos accepts your kill.
No target in view!
No target in view!
No target in view!
No target in view!
No target in view!
No target in view!
No target in view!
HP restored.
c - a fizzy red potion
Things that are here:
a +0 club; a gnoll corpse
There is a stone staircase leading down here.
You climb downwards.
Level annotation: Edmund The gnoll hits you with a +0 club.
The gnoll completely misses you. The gnoll hits you with a +0 whip!
* * * LOW HITPOINT WARNING * * *
There is a stone staircase leading up, spattered with blood here.
The gnoll closely misses you. The gnoll misses you.
You climb upwards.
There is a stone staircase leading down here.
The lemure shouts!
The orc priest shouts!
The orc priest barely misses you.
There is a stone staircase leading up here.
The orc priest misses you.
You climb upwards.
There is a stone staircase leading down here.
You scratch the orc priest.
The orc priest is moderately wounded.
The orc priest mumbles some strange prayers to Beogh against you.
Beogh smites you!
Ouch! That really hurt!
You die...

.............###..####.....# #...
#.#######...............#.## ###.
..#######..###...##....##.# ####.
...<#.....## #.#.))....##.###....
.........## ##.####...........###
.......### ##..##................
.......#####..##..............###
...............o..............# #
....>..##...#...@.............###
......>......................###.
...........###............##.[#.K
.......##...........).)...###....
...........##.........)..........
.......#.........................
#####........##..................
# #...#######..................
#####...# ####...................


You could see an orc priest.

Vanquished Creatures
  A phantom (D:4)
  An orc priest (D:3)
  An orc wizard (D:4)
  A gnoll (D:4)
  3 adders (D:2)
  2 worms
  A dart slug (D:1)
  8 orcs
  4 bats (D:2)
  8 endoplasms
  3 giant cockroaches
  4 hobgoblins
  2 jackals (D:2)
  3 quokkas
  9 ball pythons
  3 frilled lizards
  5 goblins
  6 kobolds
  5 rats
70 creatures vanquished.

Notes
Turn   | Place    | Note
-------+----------+-------------------------------------------
     0 | D:1      | Descartes the Felid Wanderer began the quest for the Orb.
     0 | D:1      | Descartes set off with the following items: a scroll of
                  | fog; and the following spells available to memorise: Magic
                  | Dart, Apportation, Blink, Mephitic Cloud, Passage of
                  | Golubria.
     0 | D:1      | Reached XP level 1. HP: 7/7 MP: 3/3
     2 | D:1      | Learned a level 1 spell: Magic Dart
   201 | D:1      | Found a faded altar of an unknown god.
   490 | D:1      | Reached XP level 2. HP: 9/11 MP: 0/4
  1359 | D:2      | Reached XP level 3. HP: 15/15 MP: 0/5
  1445 | D:2      | Reached skill level 1 in Transmutations
  1493 | D:2      | Learned a level 2 spell: Blink
  1620 | D:2      | Reached skill level 1 in Dodging
  1620 | D:2      | Reached skill level 1 in Unarmed Combat
  2040 | D:2      | Noticed Jessica
  2589 | D:2      | Reached XP level 4. HP: 14/18 MP: 0/7
  2732 | D:3      | Reached skill level 1 in Fighting
  2766 | D:3      | Found a shadowy altar of Dithmenos.
  2806 | D:3      | Became a worshipper of Dithmenos the Shadowed
  3644 | D:3      | Found an opulent altar of Gozag.
  4698 | D:3      | Reached XP level 5. HP: 22/22 MP: 4/8
  4815 | D:4      | Found a broken altar of Ashenzari.
  4921 | D:4      | Found a hazy altar of Hepliaklqana.
  4921 | D:4      | Found a sparkling altar of Nemelex Xobeh.
  5084 | D:4      | Noticed Pikel
  5084 | D:4      | Noticed a lemure
  5084 | D:4      | Noticed a lemure
  5085 | D:4      | Noticed a lemure
  5085 | D:4      | Noticed a lemure
  5188 | D:4      | Found an iron altar of Okawaru.
  5194 | D:4      | Found a shimmering altar of Xom.
  5195 | D:4      | Found a shimmering blue altar of Sif Muna.
  5199 | D:4      | Found a glowing silver altar of Zin.
  5438 | D:4      | Noticed a phantom
  5719 | D:4      | HP: 1/22 [phantom (1)]
  6048 | D:5      | Entered Level 5 of the Dungeon
  6494 | D:4      | Gained mutation: You expend magic power (3 MP) to
                  | strengthen your wands. [potion of mutation]
  6494 | D:4      | Gained mutation: Your spells are a little easier to cast,
                  | but a little less powerful. [potion of mutation]
  6501 | D:4      | Killed a phantom
  6968 | D:5      | Noticed Edmund
  7079 | D:4      | Upgraded the game from 0.29.0-13-gc9e81de378 to
                  | 0.29.0-15-g675c0067aa
  7096 | D:4      | Slain by a lemure
  7097 | D:4      | Reached XP level 4. HP: 0/18 MP: 2/7
  7634 | D:5      | Found an ancient bone altar of Kikubaaqudgha.
  7676 | D:5      | Noticed a scorpion
  7710 | D:3      | Killed from afar by an orc priest

Illustrated notes

Levels and vault maps discovered:
D:1:      tarquinn_simple_flora_water_b, layout_rooms,
          ebering_ecumenical_altar_abandoned
D:2:      layout_loops_corners, uniq_jessica
D:3:      layout_rooms, nicolae_dithmenos_shadow_blocks, grunt_gozag_statues
D:4:      layout_loops_ring, lemuel_round_altar, minitemple,
          gammafunk_temple_overflow_wave, uniq_pikel
D:5:      layout_loops_ring, amcnicky_altar_gilded, gammafunk_ghost_grave,
          uniq_edmund, uniq_eustachio, uniq_ijyb

Skill      XL: |  1  2  3  4  5 |
---------------+----------------+-----
Transmutations | 1 2 |  2.2
Dodging        | 1 2 |  2.0
Unarmed Combat | 1 |  1.5
Fighting       | 1 |  1.7
Conjurations   | 4 |  4.3
Translocations | 4 |  4.0
Stealth        | |  4.8
Spellcasting   | |  1.9

Action                   |  1- 3 |  4- 6 || total
-------------------------+-------+-------++-------
Melee: Unarmed           |    36 |    80 ||   116
       Punch             |     1 |     1 ||     2
       Bite              |     3 |    12 ||    15
 Cast: Magic Dart        |    80 |   129 ||   209
  Use: Potion            |       |     6 ||     6
 Stab: Sleeping          |     5 |     5 ||    10
Armor: Skin              |     5 |    10 ||    15
Dodge: Dodged            |    56 |    63 ||   119
